 Dungeon Crawl Stone Soup version 0.29.0-13-gc9e81de378 (webtiles) character file.

Game seed: 6974072849565265388

19583 Powertoast the Grappler (level 12, -18/122 HPs)
             Began as a Troll Transmuter on Sept 9, 2022.
             Was an Elder of Wu Jian.
             Demolished by an orc warlord
             ... wielding a +0 great sword
              (45 damage)
             ... on level 2 of the Orcish Mines on Sept 10, 2022.
             The game lasted 00:49:12 (11781 turns).

Powertoast the Grappler (Troll Transmuter)         Turns: 11781, Time: 00:49:13

Health: -18/122    AC: 12    Str: 21    XL:     12   Next: 37%
Magic:  18/18      EV: 15    Int:  9    God:    Wu Jian [****..]
Gold:   1577       SH:  0    Dex: 20    Spells: 18/21 levels left

rFire   . . .      SeeInvis .     - Unarmed
rCold   . . .      Faith    .   g - orb {light}
rNeg    . . .      Spirit   .   p - quicksilver dragon scales
rPois   .          Reflect  .   (helmet currently unavailable)
rElec   .          Harm     .   (no cloak)
rCorr   .          Rampage  .   (gloves unavailable)
Will    +....                   (boots unavailable)
Stlth   +.........              o - amulet of magic regeneration
HPRegen 1.10/turn               k - +4 ring of evasion
MPRegen 0.56/turn               F - +6 ring of dexterity

@: about to teleport, appendages, marked, wereblooded (expiring), glowing
A: horns 2, talons 2, large, unfitting armour, claws 3, regeneration 1, shaggy
fur 1, tough skin 1
a: End Transformation, Renounce Religion, Wall Jump, Serpent's Lash


You were on level 2 of the Orcish Mines.
You worshipped Wu Jian.
Wu Jian was greatly pleased with you.
You had temporarily grown beastly horns and talons.
You visited 2 branches of the dungeon, and saw 16 of its levels.
You also visited: Sewer and Ossuary.

You collected 1577 gold pieces.

Inventory:

Missiles
 y - 2 throwing nets
Armour
 a - a +0 robe
 g - an orb of light (worn)
 p - quicksilver dragon scales (worn)
 M - a scarf of harm
 O - a +0 troll leather armour
Jewellery
 k - a +4 ring of evasion (left claw)
 o - an amulet of magic regeneration (around neck)
 B - an amulet of faith
 E - a ring of magical power
 F - a +6 ring of dexterity (right claw)
 N - a ring of flight
 R - a ring of wizardry
Wands
 A - a wand of flame (7) (quivered)
 P - a wand of light (16)
 Q - a wand of paralysis (18)
 T - a wand of iceblast (1)
 U - a wand of mindburst (3)
Scrolls
 e - 2 scrolls of torment {unknown}
 f - 3 scrolls of enchant weapon
 i - 3 scrolls of blinking
 l - 2 scrolls of fog {unknown}
 n - 2 scrolls of poison
 q - 2 scrolls of vulnerability {unknown}
 r - 2 scrolls of fear {unknown}
 s - 7 scrolls of teleportation
 t - a scroll of brand weapon {unknown}
 v - 2 scrolls of enchant armour {unknown}
 w - 2 scrolls of magic mapping {unknown}
 D - 4 scrolls of noise {unknown}
 G - a scroll of summoning {unknown}
 I - a scroll of immolation {unknown}
 K - 3 scrolls of silence {unknown}
 S - 4 scrolls of identify
Potions
 b - 5 potions of lignification
 c - 4 potions of degeneration {unknown}
 d - 5 potions of curing
 h - a potion of ambrosia
 j - a potion of invisibility
 m - 3 potions of might
 u - 2 potions of resistance
 x - 3 potions of heal wounds {unknown}
 z - 2 potions of brilliance {unknown}
 C - 2 potions of haste
 H - 2 potions of attraction {unknown}
 J - a potion of berserk rage {unknown}
 L - 2 potions of flight {unknown}


   Skills:
 * Level 8.4 Fighting
 - Level 4.0 Armour
 - Level 4.0 Dodging
 * Level 10.4 Unarmed Combat
 + Level 5.1 Spellcasting
 + Level 7.2 Transmutations
 + Level 5.1 Evocations


You had 18 spell levels left.
You knew the following spells:

 Your Spells              Type           Power      Damage    Failure   Level
a - Beastly Appendage     Tmut           30%        N/A       1%          1
b - Wereblood             Tmut           15%        N/A       3%          2

Your spell library contained the following spells:

 Spells                   Type           Power      Damage    Failure   Level
 Passwall                 Tmut/Erth      6%         N/A       14%         2
 Spider Form              Tmut/Pois      8%         N/A       26%         3
 Apportation              Tloc           4%         N/A       36%         1
 Magic Dart               Conj           8%         1d3       36%         1
 Necrotise                Necr           8%         1d4       36%         1
 Summon Small Mammal      Summ           8%         N/A       36%         1
 Call Imp                 Summ           2%         N/A       52%         2
 Sublimation of Blood     Necr           2%         N/A       52%         2
 Ice Form                 Ice/Tmut       8%         N/A       65%         4
 Petrify                  Tmut/Erth      8%         N/A       65%         4
 Dazzling Flash           Conj/Hex       4%         N/A       75%         3
 Mephitic Cloud           Conj/Pois/Air  2%         N/A       75%         3
 Irradiate                Conj/Tmut      4%         3d13      94%         5
 Corpse Rot               Necr/Pois/Air  2%         N/A       98%         4
 Hailstorm                Conj/Ice       2%         3d3       98%         4
 Iskenderun's Mystic Bla  Conj/Tloc      2%         2d3       98%         4
 Simulacrum               Ice/Necr       1%         N/A       100%        6
 Starburst                Conj/Fire      1%         6d3       100%        6


Dungeon Overview and Level Annotations

Branches:
Dungeon (14/15)            Temple (0/1) D:5            Lair (0/5) D:8
    Orc (2/2) D:12            Elf (0/3) Orc:2         Sewer (visited)
Ossuary (visited)
 Vaults: D:13-14

Altars:
Dithmenos
Elyvilon
Fedhas
Gozag
Okawaru
Vehumet
Wu Jian
Zin
The Shining One

Shops:
D:6 (   Orc:1 [

Annotations:
D:3 1 runed translucent door
D:11 3 runed translucent doors


Innate Abilities, Weirdness & Mutations

You have temporarily grown beastly horns and talons.
You are too large for most types of armour.
You have claws for hands.
Your natural rate of healing is unusually fast.
You are covered in fur. (AC +1)
You have tough skin. (AC +1)


Message History

You feel strangely unstable.
You howl as the wereblood boils in your veins!
The orc warlord closely misses you. The orc hits you but does no damage.
The orc barely misses you.
The orc warrior attacks as you move away!
The orc warrior unwields a +0 arbalest.
The orc warrior wields a +0 flail.
The orc warrior hits you with a +0 flail!
The orc no longer looks unusually strong.
The orc warlord roars a battlecry!
The orc goes into a battle-frenzy!
The orc attacks as you move away! The orc completely misses you.
The orc attacks as you move away! The orc hits you but does no damage.
Your primal bloodlust is almost over.
The orc knight roars a battlecry!
You spin and attack the orc warrior.
You claw the orc warrior! Your kick misses the orc warrior.
The orc warrior is moderately wounded.
You spin and attack the orc repeatedly.
You claw the orc!
You feel a bit better.
You kill the orc!
The Council accepts your kill.
Your surroundings seem slightly different.
The orc pulls the alarm!
The alarm trap emits a blaring wail!
A sentinel's mark forms upon you.
The orc warrior unwields a +0 flail.
The orc warrior wields a +0 arbalest.
The orc warrior shoots a bolt.
The bolt hits you!
You hear a shout! x16; You hear a howl!
You hear a shout!
As you read the scroll of teleportation, it crumbles to dust.
You feel strangely unstable.
The orc warlord attacks as you move away!
The orc warlord hits you with a +0 great sword!!
* * * LOW HITPOINT WARNING * * *
The orc attacks as you move away! The orc hits you but does no damage.
The orc warrior shoots a bolt.
The bolt misses you.
You feel better.
You howl as the wereblood boils in your veins!
The orc barely misses you.
The orc warlord hits you with a +0 great sword!!!
You die...

##.......#....................
#.........#....................
#......................$.......
...##...........................
....##.......................
...###.......................
....#........................
...#.........................
...#............@............
..#............Too#..........
...#......................#..
...........................#
#..........)........o.....$#
##..............o............
#.............).)............
.................).$.........
#.##............).......$....


You could see an orc warlord (strong), an orc knight (strong), a troll, an orc
warrior (strong) and an orc (strong).

Vanquished Creatures
  Snorg (D:11)
  Josephine (D:10)
  A boulder beetle (D:12)
  3 hydras
  A two-headed ogre (D:12)
  Nergalle (Orc:1)
  Lodul (D:10)
  An orc knight (Orc:2)
  A deep elf pyromancer (D:12)
  An ugly thing (D:14)
  A manticore (D:11)
  A gargoyle (D:12)
  Psyche (D:8)
  3 kobold demonologists
  4 trolls
  Prince Ribbit (D:6)
  3 vampires
  2 wyverns
  8 wraiths
  Grum (D:9)
  A steam dragon (D:7)
  A basilisk (shapeshifter) (D:14)
  Menkaure (D:6)
  A warg (Orc:2)
  An acid dragon (D:12)
  3 water moccasins
  A sky beast (D:4)
  2 ice beasts
  11 ogres
  14 orc warriors
  2 black bears
  6 wolves
  The ghost of cdecastro the Magician, an amateur DjTm (D:3)
  Blork the orc (D:4)
  2 kobold brigands
  3 elf zombies (Ossuary)
  6 bullfrogs
  A necrophage (D:6)
  A scorpion (D:6)
  14 wights
  5 killer bees (D:9)
  3 howler monkeys
  5 electric eels (D:8)
  5 centaur zombies (Ossuary)
  6 hounds
  13 orc priests
  A gnoll bouda (D:2)
  2 jellies
  4 human zombies (Ossuary)
  5 iguanas
  13 orc wizards
  4 mummies
  7 gnolls
  21 adders
  6 river rats
  A shadow imp (D:6)
  3 white imps
  An ufetubus (D:6)
  3 worms
  2 dart slugs
  67 orcs
  15 ball pythons
  5 endoplasms
  4 giant cockroaches
  6 goblins
  8 hobgoblins
  4 jackals (D:1)
  16 kobolds
  3 quokkas (D:3)
  A bat (D:1)
  7 frilled lizards
  30 rats
386 creatures vanquished.

Vanquished Creatures (others)
  A fungus (D:2)
  5 toadstools (D:2)
6 creatures vanquished.

Grand Total: 392 creatures vanquished

Notes
Turn   | Place    | Note
-------+----------+-------------------------------------------
     0 | D:1      | Powertoast the Troll Transmuter began the quest for the
                  | Orb.
     0 | D:1      | Reached XP level 1. HP: 18/18 MP: 1/1
   181 | D:1      | Reached XP level 2. HP: 19/26 MP: 0/3
   757 | D:2      | Got the Papyrus of Septic Variation
   953 | D:2      | Reached XP level 3. HP: 30/32 MP: 4/4
   956 | D:2      | Found a faded altar of an unknown god.
  1009 | D:2      | Reached skill level 1 in Fighting
  1391 | D:3      | Reached XP level 4. HP: 37/41 MP: 4/6
  1401 | D:2      | Learned a level 2 spell: Wereblood
  1426 | D:3      | Found a runed translucent door.
  1434 | D:3      | Noticed a bullfrog
  1434 | D:3      | Noticed cdecastro's ghost (amateur DjTm)
  1471 | D:3      | Identified the +0 robe of the Dropbear {rN+ Str+3 Dex+4
                  | Slay-3}
  1518 | D:3      | Reached XP level 5. HP: 49/49 MP: 1/7
  1791 | D:3      | Found a runed translucent door.
  2489 | D:4      | Reached skill level 4 in Unarmed Combat
  2489 | D:4      | Reached XP level 6. HP: 57/57 MP: 8/8
  2565 | D:4      | Noticed a sky beast
  2573 | D:4      | Killed a sky beast
  2747 | D:4      | Found a glowing drain.
  2758 | Sewer    | Entered a sewer
  2805 | Sewer    | Reached XP level 7. HP: 65/65 MP: 10/10
  3000 | Sewer    | Reached skill level 5 in Unarmed Combat
  3224 | D:4      | Noticed Blork the orc
  3233 | D:4      | Killed Blork the orc
  3309 | D:4      | Found a blossoming altar of Fedhas.
  3309 | D:4      | Found an ornate altar of the Wu Jian Council.
  3324 | D:4      | Found a faded altar of an unknown god.
  3326 | D:4      | Became a worshipper of the Wu Jian Council
  3329 | D:4      | Found a white marble altar of Elyvilon.
  3331 | D:4      | Found a glowing silver altar of Zin.
  3468 | D:5      | Entered Level 5 of the Dungeon
  3564 | D:5      | Reached XP level 8. HP: 69/74 MP: 11/11
  3636 | D:5      | Reached skill level 5 in Transmutations
  3842 | D:5      | Found a shadowy altar of Dithmenos.
  3914 | D:5      | Found a staircase to the Ecumenical Temple.
  4330 | D:6      | Noticed Menkaure
  4335 | D:6      | Killed Menkaure
  4336 | D:6      | Reached skill level 1 in Armour
  4470 | D:6      | Noticed Prince Ribbit
  4477 | D:6      | Killed Prince Ribbit
  4477 | D:6      | Reached * piety under Wu Jian
  4478 | D:6      | Reached skill level 6 in Unarmed Combat
  4600 | D:6      | Found Aroom's Antique Weapon Shop.
  4615 | D:6      | Reached XP level 9. HP: 70/83 MP: 12/12
  5005 | D:7      | Identified the +5 dagger of Pandemonium {pain, rC+ Int+4}
  5095 | D:7      | Found a sand-covered staircase.
  5109 | Ossuary  | Entered an ossuary
  5433 | D:7      | Reached ** piety under Wu Jian
  5434 | D:7      | Reached skill level 5 in Fighting
  5435 | D:7      | Reached skill level 7 in Unarmed Combat
  5721 | D:8      | Noticed a troll
  5722 | D:8      | Found a staircase to the Lair.
  5806 | D:7      | Reached XP level 10. HP: 96/96 MP: 14/14
  6067 | D:8      | Noticed Psyche
  6072 | D:8      | Killed Psyche
  6091 | D:8      | Found an opulent altar of Gozag.
  6390 | D:8      | Found a radiant altar of Vehumet.
  7096 | D:9      | Reached skill level 8 in Unarmed Combat
  7153 | D:9      | Noticed Grum
  7157 | D:9      | Killed Grum
  7486 | D:10     | Entered Level 10 of the Dungeon
  7667 | D:10     | Found an iron altar of Okawaru.
  7783 | D:10     | Found a glowing golden altar of the Shining One.
  7788 | D:10     | Noticed Lodul
  7793 | D:10     | Noticed Josephine
  7797 | D:10     | Reached skill level 9 in Unarmed Combat
  7801 | D:10     | Killed Josephine
  7802 | D:10     | Reached *** piety under Wu Jian
  7809 | D:10     | Reached XP level 11. HP: 96/109 MP: 16/16
  7901 | D:10     | Killed Lodul
  8225 | D:10     | Reached skill level 10 in Unarmed Combat
  8408 | D:11     | Reached skill level 1 in Evocations
  8410 | D:11     | Reached **** piety under Wu Jian
  8512 | D:11     | Noticed a four-headed hydra
  8548 | D:11     | Found a runed translucent gate.
  8549 | D:11     | Found a runed translucent gate.
  8549 | D:11     | Noticed a purple ugly thing
  8549 | D:11     | Noticed a glowing orange brain
  8550 | D:11     | Noticed a white ugly thing
  8551 | D:11     | Noticed a green ugly thing
  8552 | D:11     | Found a runed translucent gate.
  8552 | D:11     | Noticed a purple ugly thing
  8553 | D:11     | Noticed a steelbarb worm
  8553 | D:11     | Noticed a purple ugly thing
  8553 | D:11     | Noticed a cyan ugly thing
  8555 | D:11     | Noticed an orb spider
  8555 | D:11     | a steelbarb worm changed into an orb spider
  8557 | D:11     | an orb spider changed into a redback
  8574 | D:11     | You fall into a shaft and drop 3 floors!
  8607 | D:14     | Noticed a green ugly thing
  8674 | D:14     | Noticed a green ugly thing
  8696 | D:14     | Noticed a green ugly thing
  8696 | D:14     | Noticed a green ugly thing
  8700 | D:14     | Killed a green ugly thing
  8700 | D:14     | Noticed a green ugly thing
  9029 | D:13     | Noticed a six-headed hydra
  9029 | D:13     | Noticed a brown ugly thing
  9165 | D:12     | Noticed a two-headed ogre
  9171 | D:12     | Killed a two-headed ogre
  9265 | D:12     | Noticed a boulder beetle
  9290 | D:12     | Killed a boulder beetle
  9339 | D:11     | Noticed a broodmother
  9342 | D:11     | Noticed a radroach
  9342 | D:11     | a broodmother changed into a radroach
  9362 | D:11     | Noticed a six-headed hydra
  9660 | D:11     | Killed a six-headed hydra
  9692 | D:11     | Noticed Snorg
  9704 | D:11     | Killed Snorg
 10017 | D:12     | Found a staircase to the Orcish Mines.
 10180 | D:12     | Noticed a deep elf pyromancer
 10193 | D:12     | Killed a deep elf pyromancer
 10284 | D:12     | Noticed a four-headed hydra
 10293 | D:12     | Killed a five-headed hydra
 10294 | D:12     | Reached skill level 5 in Spellcasting
 10294 | D:12     | Reached XP level 12. HP: 59/119 MP: 18/18
 10298 | D:12     | Killed a nine-headed hydra
 10675 | D:3      | Killed cdecastro's ghost
 11173 | Orc:1    | Entered Level 1 of the Orcish Mines
 11225 | Orc:1    | Found Ybriof's Antique Armour Emporium.
 11226 | Orc:1    | Noticed Nergalle
 11237 | Orc:1    | Reached skill level 5 in Evocations
 11247 | Orc:1    | Killed Nergalle
 11468 | Orc:2    | Entered Level 2 of the Orcish Mines
 11517 | Orc:2    | Found a staircase to the Elven Halls.
 11531 | Orc:2    | Noticed an orc warlord
 11781 | Orc:2    | Demolished by an orc warlord

Illustrated notes

Levels and vault maps discovered:
D:1:      lightli_arrival_lavapool, layout_rooms, dk_noncrumbling_4
D:2:      layout_loops_corners, hellmonk_ecumenical_altar_inner_sanctum,
          minmay_gold_behind_fungi
D:3:      layout_loops_corners, ebering_ghost_sewer_f, dreamdust_princess_bridge
D:4:      layout_basic, chequers_temple_overflow_minitemple,
          lightli_sewer_entry_pipes, chequers_mini_garden, minmay_door_square,
          uniq_blork_the_orc, uniq_crazy_yiuf_cottage
D:5:      layout_basic, nicolae_dithmenos_the_darkroom,
          minmay_temple_entry_enclosed_plants
D:6:      layout_rooms, serial_shops, nicolae_stop_n_shop_1, serial_rivers,
          chequers_serial_rivers_micro_b, chequers_serial_rivers_large_a,
          chequers_serial_rivers_micro_a, chequers_serial_rivers_micro_b,
          chequers_serial_rivers_micro_c, chequers_serial_rivers_room_a,
          uniq_menkaure, uniq_prince_ribbit1
D:7:      layout_basic, gup_ossuary_entry_pyramid, chequers_decorated_corner,
          kennysheep_small_spiral, minmay_misc_feat_chi
D:8:      layout_cave_pods, nicolae_gozag_seed_capital,
          mainiacjoe_overflow_alcove_4, erik_lair_island, uniq_psyche
D:9:      layout_roguey, uniq_grum
D:10:     layout_loops_ring, mainiacjoe_overflow_brackets, old_standard_altar,
          special_room [special_room_orc], uniq_lodul, uniq_josephine
D:11:     layout_irregular_city, ploomutoo_gammafunk_ghost_potion_laboratory,
          uniq_snorg
D:12:     layout_cave_pools, minmay_orc_entry_temple_small,
          serial_co_window_serial, co_window_cross_1,
          co_window_of_opportunity_a, co_window_paths_a, co_window_cross_1,
          co_window_of_opportunity_a, co_window_corner_a, co_window_paths_a,
          co_window_of_opportunity_b, co_window_unsneaky_path_e,
          co_window_paths_c, co_window_unsneaky_path_b, co_window_cross_3,
          co_window_of_opportunity_b, glass_columns_a
D:13:     layout_rooms
D:14:     cheibrodos_quadrivalence, layout_basic, ximxim_vaults_locker_room,
          uniq_frances
Orc:1:    layout_caves, serial_shops, shop, nicolae_shop_firing_range,
          uniq_nergalle
Orc:2:    grunt_orc_cross, layout_caves

Skill      XL: |  1  2  3  4  5  6  7  8  9 10 11 12 |
---------------+-------------------------------------+-----
Transmutations | 2 3 4 5 6 7 |  7.2
Spellcasting   | 2 3 4 5 |  5.1
Fighting       | 1 2 4 5 7 8 |  8.4
Dodging        | 2 3 4 |  4.0
Unarmed Combat | 4 5 6 7 9 10 | 10.4
Armour         | 2 4 |  4.0
Evocations     | 4 5 |  5.1

Action                   |  1- 3 |  4- 6 |  7- 9 | 10-12 || total
-------------------------+-------+-------+-------+-------++-------
Melee: Unarmed           |    52 |   119 |   302 |   440 ||   913
       Headbutt          |     3 |     4 |    33 |    88 ||   128
       Kick              |     2 |     8 |    59 |   140 ||   209
 Cast: Beastly Appendage |     6 |     9 |    29 |    59 ||   103
       Wereblood         |       |     8 |    19 |    32 ||    59
Invok: Lunge             |       |       |    26 |    46 ||    72
       Whirlwind         |       |       |    57 |    37 ||    94
       Serpent's Lash    |       |       |       |     1 ||     1
Evoke: Wand              |       |       |       |    16 ||    16
  Use: Scroll            |       |       |     9 |     8 ||    17
       Potion            |       |       |       |     4 ||     4
Armor: Robe              |    17 |     4 |       |       ||    21
       Quicksilver drago |       |    31 |   129 |   118 ||   278
Dodge: Dodged            |    27 |    65 |   191 |   299 ||   582
